 Dungeon Crawl Stone Soup version 0.27-a0-1177-g245c70e1c0 (webtiles) character file.

Game seed: 16446209213571638104

17 HoaS the Shooter (level 2, 0/24 HPs)
             Began as a Ghoul Hunter on May 16, 2021.
             Slain by a worm (5 damage)
             ... on level 2 of the Dungeon.
             The game lasted 00:04:23 (1311 turns).

HoaS the Shooter (Ghoul Hunter)                     Turns: 1311, Time: 00:04:23

Health: 0/24       AC:  8    Str: 15    XL:     2   Next: 62%
Magic:  1/1        EV:  9    Int:  6    God:
Gold:   21         SH:  0    Dex:  9    Spells: 1/1 levels left

rFire    . . .     SeeInvis .     - Unarmed
rCold    + . .     Faith    .   (no shield)
rNeg     + + +     Spirit   .   e - +2 scale mail {rN+}
rPois    ∞         Reflect  .   (no helmet)
rElec    .         Harm     .   (no cloak)
rCorr    .         Rampage  .   (no gloves)
Will     .....                  (no boots)
Stlth    ..........             (no amulet)
HPRegen  0.00/turn              (no ring)
MPRegen  0.07/turn              (no ring)

@: no status effects
A: claws 1, cold resistance 1, negative energy resistance 3, inhibited
regeneration, torment resistance 2
a: no special abilities


You were on level 2 of the Dungeon.
You visited 1 branch of the dungeon, and saw 2 of its levels.

You collected 21 gold pieces.

Inventory:

Hand Weapons
 a - a +1 shortbow
Missiles
 d - 34 arrows
Armour
 e - a +2 scale mail of positive energy (worn)
Scrolls
 g - 2 scrolls of identify {unknown}
Potions
 b - a potion of degeneration {unknown}
 c - a potion of might {unknown}
 f - a potion of mutation {unknown}
 h - a potion of haste {unknown}


   Skills:
 - Level 2.1 Fighting
 - Level 3.6 Bows
 - Level 1.7 Dodging
 - Level 1.1 Stealth
 + Level 2.4 Unarmed Combat


You had one spell level left.
You didn't know any spells.
Your spell library was empty.

Dungeon Overview and Level Annotations

Branches:
Dungeon (2/15)

Altars:

Shops:
D:1 *[[(:


Innate Abilities, Weirdness & Mutations

You thrive by killing the living.
You are immune to poison.
You have sharp fingernails.
Your flesh is cold resistant. (rC+)
You are immune to negative energy. (rN+++)
You do not regenerate when monsters are visible.
You are immune to unholy pain and torment.


Message History

The goblin hits you with a +0 club.
You scratch the goblin but do no damage.
The goblin hits you but does no damage.
You completely miss the goblin. The goblin hits you but does no damage.
You scratch the goblin.
You kill the goblin!
Things that are here:
a +0 club; a goblin corpse You start resting.
HP restored.
There is a stone staircase leading down here.
You climb downwards.
The worm bites you.
There is a stone staircase leading up here.
You barely miss the worm. You claw the worm!
The worm is heavily wounded.
The worm closely misses you.
You scratch the worm.
The worm is heavily wounded.
The worm closely misses you.
You barely miss the worm.
The worm is moderately wounded.
You barely miss the worm.
The worm is moderately wounded.
The worm bites you but does no damage.
You claw the worm!
The worm is severely wounded.
You scratch the worm.
The worm is severely wounded.
The worm bites you.
You barely miss the worm.
The worm is severely wounded.
The worm bites you!
* * * LOW HITPOINT WARNING * * *
You barely miss the worm.
The worm is severely wounded.
You scratch the worm.
The worm is severely wounded.
The worm bites you.
You die...

.........##
..........#
..........#
..(.......#
..........#
.>........#
........w#
.......@#
#########


You could see a worm.

Vanquished Creatures
  A dart slug (D:1)
  2 ball pythons (D:1)
  4 bats (D:1)
  A giant cockroach (D:1)
  A hobgoblin (D:1)
  A frilled lizard (D:1)
  3 goblins (D:1)
  A rat (D:1)
14 creatures vanquished.

Vanquished Creatures (others)
  A plant (D:1)
1 creature vanquished.

Grand Total: 15 creatures vanquished

Notes
Turn   | Place    | Note
-------+----------+-------------------------------------------
     0 | D:1      | HoaS the Ghoul Hunter began the quest for the Orb.
     0 | D:1      | Reached XP level 1. HP: 17/17 MP: 0/0
    87 | D:1      | Found a faded altar of an unknown god.
   274 | D:1      | Found Qesiosea's Armour Boutique.
   294 | D:1      | Reached skill level 1 in Unarmed Combat
   306 | D:1      | Reached XP level 2. HP: 19/24 MP: 1/1
   403 | D:1      | Found Gaduapheburgh's General Store.
   613 | D:1      | Found Lown's Antique Weapon Shoppe.
   689 | D:1      | Found Gorano Wooph's Book Shop.
   722 | D:1      | Found Diyshraho's Antique Armour Shop.
  1311 | D:2      | Slain by a worm

Illustrated notes

Levels and vault maps discovered:
D:1:      ncdulo_watergridlock, layout_basic,
          shapermc_ecumenical_altar_flowoftime, serial_shops,
          nicolae_shop_behind_doors, nicolae_shop_waterfront, shop, shop, shop,
          serial_forest, infiniplex_forest_side_room, infiniplex_forest_end_1,
          infiniplex_forest_clump_curved, infiniplex_forest_end_3,
          infiniplex_forest_lined_3_way, infiniplex_forest_straight_4,
          serial_park_tiny_2
D:2:      layout_rooms

Skill      XL: |  1  2 |
---------------+-------+-----
Unarmed Combat | 1 2 |  2.4
Fighting       | |  2.1
Bows           | |  3.6
Dodging        | |  1.7
Stealth        | |  1.1

Action                   || total
-------------------------++-------
Melee: Unarmed           ||    68
 Stab: Sleeping          ||     1
Armor: Leather armour    ||    10
       Scale mail        ||    16
Dodge: Dodged            ||    25

Table legend: (Time is in decaauts)
 A = Elapsed time spent in this place.
 B = Non-inter-level travel time spent in this place.
 C = Inter-level travel time spent in this place.
 D = Time resting spent in this place.
 E = Time spent auto-exploring this place.
 F = Levels seen in this place.
 G = Mean time per level.
                   A        B        C        D        E       F      G
               +--------+--------+--------+--------+--------+-----+--------+
         Total |   1310 |   1271 |     39 |    111 |   1008 |   2 |  655.0 |
       Dungeon |   1310 |   1271 |     39 |    111 |   1008 |   2 |  655.0 |
               +--------+--------+--------+--------+--------+-----+--------+

Top non-repeatable levels by time:
     D:1: 1295 daAuts
     D:2: 14 daAuts
